[Event "Centenario Panaderia Pulido 2023"]
[Site "San Mateo Gran Canaria"]
[Date "2023.12.05"]
[Round "2.11"]
[White "Hernandez Leon, Alberto"]
[Black "Quiceno Ramirez, Edwin Alejandro"]
[Result "1-0"]
[ECO "D05"]
[WhiteElo "2209"]
[BlackElo "1777"]
[Annotator "RC"]
[PlyCount "117"]
[EventDate "2023.12.04"]
[EventType "swiss"]
[EventCountry "ESP"]
[SourceTitle "playchess.com"]
[Source "ChessBase"]
[SourceQuality "1"]
[TimeControl "5400+30"]

1. d4 d5 2. c4 e6 3. Nf3 Nf6 4. e3 Be7 5. b3 O-O 6. Bd3 b6 7. O-O Bb7 8. Bb2 Nbd7 9. Nbd2 Ne4 10. Qc2 f5 11. Rac1 Rc8 12. Rfd1 Bd6 13. Ne5 c5 14. Ndf3 Ndf6 15. Qe2 Ng4 16. Nxg4 fxg4 17. Bxe4 dxe4 18. Ne5 Bxe5 19. dxe5 Qg5 20. Rd6 Rce8 21. Rcd1 h5 22. Rd7 Re7 23. Rxe7 Qxe7 24. Qd2 Qf7 25. Qe2 h4 26. Rd2 Qf5 27. Qd1 Bc6 28. g3 hxg3 29. hxg3 Kh7 30. Qf1 Kg6 31. Qg2 b5 32. Rd6 Ba8 33. cxb5 Bd5 34. Bc3 Rb8 35. Qh1 Qf3 36. Qxf3 gxf3 37. Rd7 Rb7 38. Rxb7 Bxb7 39. Bb2 Bd5 40. Kh2 c4 41. Bd4 cxb3 42. axb3 Bxb3 43. Bxa7 Bc4 44. b6 Bd5 45. Bb8 Kf5 46. Bd6 Kg4 47. Bc7 g6 48. Bd6 Bb7 49. Kg1 Kh3 50. Kf1 Kh2 51. Be7 Ba6+ 52. Ke1 Kg1 53. Bh4 Kg2 54. g4 Kh3 55. Bg3 Kxg4 56. Kd2 Kf5 57. Kc3 g5 58. Kd4 Kg6 59. Kc5 1-0

[Event "Centenario Panaderia Pulido 2023"]
[Site "San Mateo Gran Canaria"]
[Date "2023.12.05"]
[Round "2.12"]
[White "Rivero Reyes, Alejandro"]
[Black "Hernandez Leon, Sergio"]
[Result "0-1"]
[ECO "D11"]
[WhiteElo "1689"]
[BlackElo "2167"]
[Annotator "RC"]
[PlyCount "56"]
[EventDate "2023.12.04"]
[EventType "swiss"]
[EventCountry "ESP"]
[SourceTitle "playchess.com"]
[Source "ChessBase"]
[SourceQuality "1"]
[TimeControl "5400+30"]

1. Nf3 Nf6 2. g3 d5 3. Bg2 Bf5 4. d4 e6 5. O-O h6 6. c4 c6 7. Nc3 Bd6 8. Qb3 Qc8 9. Nd2 O-O 10. e4 dxe4 11. Ndxe4 Be7 12. Bf4 Rd8 13. Rad1 Na6 14. h3 g5 15. Be3 Nc7 16. Nxf6+ Bxf6 17. g4 Bg6 18. Ne4 Bg7 19. Ng3 a5 20. f4 gxf4 21. Rxf4 a4 22. Qb6 e5 23. Nf5 Bf8 24. c5 exf4 25. Bxf4 Nb5 26. Nd6 Nxd6 27. cxd6 Bxd6 28. Bxh6 Ra6 0-1

[Event "Centenario Panaderia Pulido 2023"]
[Site "San Mateo Gran Canaria"]
[Date "2023.12.05"]
[Round "2.13"]
[White "Doluhanova, Evgeniya"]
[Black "Rivero Tacoronte, Gabriel"]
[Result "1-0"]
[ECO "A06"]
[WhiteElo "2177"]
[BlackElo "1695"]
[Annotator "RC"]
[PlyCount "69"]
[EventDate "2023.12.04"]
[EventType "swiss"]
[EventCountry "ESP"]
[SourceTitle "playchess.com"]
[Source "ChessBase"]
[SourceQuality "1"]
[TimeControl "5400+30"]

1. Nf3 d5 2. b3 Nf6 3. Bb2 c5 4. e3 Nc6 5. Bb5 a6 6. Bxc6+ bxc6 7. Ne5 Qc7 8. d3 e6 9. Nd2 Bd6 10. f4 a5 11. O-O Ba6 12. Ng4 Be7 13. f5 exf5 14. Bxf6 Bxf6 15. Nxf6+ gxf6 16. Rxf5 Bc8 17. Rxf6 Be6 18. Qh5 O-O-O 19. Raf1 Rdg8 20. Nf3 Rg7 21. Qe5 Rhg8 22. Qxc7+ Kxc7 23. Rf2 Kd6 24. d4 Rg6 25. Rxg6 hxg6 26. Ng5 cxd4 27. exd4 f5 28. Re2 Bc8 29. Nf7+ Kd7 30. Ne5+ Kd6 31. c4 f4 32. c5+ Kc7 33. Nf7 Kd7 34. h4 Ba6 35. Rf2 1-0

[Event "Centenario Panaderia Pulido 2023"]
[Site "San Mateo Gran Canaria"]
[Date "2023.12.05"]
[Round "2.14"]
[White "Arribas Lopez, Sara"]
[Black "Mamani Beltran, Deniman"]
[Result "0-1"]
[ECO "B24"]
[WhiteElo "1637"]
[BlackElo "2151"]
[Annotator "RC"]
[PlyCount "70"]
[EventDate "2023.12.04"]
[EventType "swiss"]
[EventCountry "ESP"]
[SourceTitle "playchess.com"]
[Source "ChessBase"]
[SourceQuality "1"]
[TimeControl "5400+30"]

1. e4 c5 2. g3 e6 3. d3 d5 4. Bg2 Nc6 5. Ne2 Nf6 6. Nbc3 dxe4 7. dxe4 Qxd1+ 8. Nxd1 e5 9. Ne3 Be6 10. c3 O-O-O 11. f4 h5 12. f5 Bd7 13. Nc4 b5 14. Na3 Na5 15. Bg5 Bc6 16. Rd1 Rxd1+ 17. Kxd1 Nxe4 18. Bxe4 Bxe4 19. Rf1 f6 20. Bd2 a6 21. b3 c4 22. b4 Nc6 23. Nc2 Be7 24. Kc1 a5 25. a3 Bd3 26. Rf2 Bd8 27. Be3 Ne7 28. Ne1 axb4 29. axb4 Bxf5 30. Bc5 Be4 31. Ng1 Nd5 32. Kb2 Nb6 33. Bxb6 Bxb6 34. Re2 Bd3 35. Rg2 Bf1 0-1

[Event "Centenario Panaderia Pulido 2023"]
[Site "San Mateo Gran Canaria"]
[Date "2023.12.05"]
[Round "2.15"]
[White "Ramirez Maillo, Juan Adonay"]
[Black "Rivero Pena, Himar"]
[Result "1-0"]
[ECO "B06"]
[WhiteElo "1857"]
[BlackElo "1594"]
[Annotator "NA COMBH"]
[PlyCount "93"]
[EventDate "2023.12.04"]
[EventType "swiss"]
[EventCountry "ESP"]
[SourceTitle "playchess.com"]
[Source "ChessBase"]
[SourceQuality "1"]
[TimeControl "5400+30"]

1. d4 g6 2. e4 Bg7 3. Be3 d6 4. Nc3 c6 5. a4 e6 6. Qd2 Nd7 7. h4 h5 8. f3 Nh6 9. O-O-O a6 10. d5 cxd5 11. exd5 e5 12. Ne4 Qe7 13. Qb4 Nf5 14. Bg5 f6 15. Bd2 Nc5 16. Nxc5 dxc5 17. Qe4 Qd6 18. f4 Kf7 19. fxe5 fxe5 20. Nh3 Bf6 21. Bd3 b5 22. Ng5+ Kg7 23. g4 Bxg5 24. Bxg5 Ng3 25. Qf3 Nxh1 26. gxh5 gxh5 27. Rg1 Bg4 28. Qxh1 c4 29. Be2 Qd7 30. Qe4 Qf5 31. Rxg4 Qxe4 32. Rxe4 Rae8 33. axb5 axb5 34. d6 Kg6 35. Re3 e4 36. Kd2 Kf5 37. d7 Rd8 38. Bxd8 Rxd8 39. Bxh5 Rxd7+ 40. Ke2 Kf4 41. Be8 Rh7 42. h5 Rh8 43. Bg6 Kg5 44. Rxe4 Rb8 45. Kd2 Kh6 46. Kc3 Rf8 47. Kb4 1-0

[Event "Centenario Panaderia Pulido 2023"]
[Site "San Mateo Gran Canaria"]
[Date "2023.12.05"]
[Round "3.1"]
[White "Oudeh Mishmesh, Omar"]
[Black "Korneev, Oleg"]
[Result "0-1"]
[ECO "C82"]
[WhiteElo "2247"]
[BlackElo "2470"]
[Annotator "RC"]
[PlyCount "100"]
[EventDate "2023.12.04"]
[EventType "swiss"]
[EventCountry "ESP"]
[SourceTitle "playchess.com"]
[Source "ChessBase"]
[SourceQuality "1"]
[TimeControl "5400+30"]

1. e4 e5 2. Nf3 Nc6 3. Bb5 a6 4. Ba4 Nf6 5. O-O Nxe4 6. d4 b5 7. Bb3 d5 8. dxe5 Be6 9. c3 Bc5 10. Qd3 Ne7 11. Nd4 Bxd4 12. cxd4 c5 13. dxc5 Nxc5 14. Qf3 d4 15. Nd2 O-O 16. Re1 Qa5 17. Rd1 Rad8 18. Bxe6 fxe6 19. Qe2 d3 20. Qg4 Nf5 21. Nf3 Qa4 22. Qxa4 Nxa4 23. Bg5 Rd5 24. Rd2 Rc8 25. Rad1 h6 26. g4 Nd4 27. Nxd4 Rxd4 28. Be3 Rxg4+ 29. Kf1 Re4 30. Rxd3 Nxb2 31. Rd8+ Rxd8 32. Rxd8+ Kf7 33. Rd7+ Kf8 34. Rd6 Nc4 35. Rxa6 Rxe5 36. Ra8+ Kf7 37. Ra7+ Kg8 38. Rb7 Nxe3+ 39. fxe3 Rxe3 40. Rxb5 Ra3 41. Rb2 Kf7 42. Kf2 e5 43. Kg2 Kf6 44. Kf2 Kf5 45. Kg2 g5 46. Kf2 g4 47. Kg2 h5 48. Kf2 h4 49. Kg2 e4 50. Kf2 Ke5 0-1

[Event "Centenario Panaderia Pulido 2023"]
[Site "San Mateo Gran Canaria"]
[Date "2023.12.05"]
[Round "3.2"]
[White "Estremera Panos, Sergio"]
[Black "Strikovic, Aleksa"]
[Result "0-1"]
[ECO "A90"]
[WhiteElo "2232"]
[BlackElo "2455"]
[Annotator "RC"]
[PlyCount "52"]
[EventDate "2023.12.04"]
[EventType "swiss"]
[EventCountry "ESP"]
[SourceTitle "playchess.com"]
[Source "ChessBase"]
[SourceQuality "1"]
[TimeControl "5400+30"]

1. d4 f5 2. g3 Nf6 3. Bg2 e6 4. Nf3 d5 5. c4 c6 6. O-O Bd6 7. Nc3 O-O 8. Qc2 Ne4 9. Rb1 a5 10. a3 Bd7 11. b4 axb4 12. axb4 Be8 13. Nxe4 fxe4 14. Ng5 Qe7 15. c5 Bc7 16. f4 h6 17. Nh3 b5 18. Nf2 Bh5 19. Nd1 Nd7 20. Nc3 Bg6 21. Bd2 Bf5 22. e3 g5 23. Ra1 h5 24. Rxa8 Rc8 25. Rb8 Rxb8 26. Qb2 Ra8 0-1

[Event "Centenario Panaderia Pulido 2023"]
[Site "San Mateo Gran Canaria"]
[Date "2023.12.05"]
[Round "3.3"]
[White "Larino Nieto, David"]
[Black "Hernandez Leon, Alberto"]
[Result "1-0"]
[ECO "A16"]
[WhiteElo "2366"]
[BlackElo "2209"]
[Annotator "RC"]
[PlyCount "124"]
[EventDate "2023.12.04"]
[EventType "swiss"]
[EventCountry "ESP"]
[SourceTitle "playchess.com"]
[Source "ChessBase"]
[SourceQuality "1"]
[TimeControl "5400+30"]

1. e3 Nf6 2. c4 g6 3. Nc3 Bg7 4. g4 h6 5. Bg2 d6 6. h3 O-O 7. b3 c6 8. Nge2 e5 9. d4 Qa5 10. Bd2 Qc7 11. d5 Na6 12. e4 Qe7 13. Ng3 Bd7 14. g5 Nh7 15. gxh6 Bf6 16. O-O c5 17. Kh2 Bg5 18. Nce2 Bxd2 19. Qxd2 Qh4 20. f4 Qxh6 21. Rad1 exf4 22. Qxf4 Qxf4 23. Rxf4 Rae8 24. Nc1 f6 25. Nd3 Nb4 26. Nxb4 cxb4 27. Rdf1 Re5 28. h4 Kf7 29. Bh3 Bxh3 30. Kxh3 Ke7 31. Kg2 a5 32. Rg4 Kf7 33. Rgf4 Ke7 34. Kf2 Kd7 35. Rg4 g5 36. Nf5 Rh8 37. Ke3 Kc7 38. Kd4 b6 39. Ng7 Rg8 40. Ne6+ Kd7 41. hxg5 Nxg5 42. Nxg5 Rexg5 43. Rh4 Ke7 44. Rh7+ R8g7 45. Rxg7+ Rxg7 46. Rh1 Kf7 47. Ke3 Rg2 48. Rh7+ Kg6 49. Rd7 Rxa2 50. Rxd6 Rb2 51. e5 Rxb3+ 52. Ke4 a4 53. Rxf6+ Kg7 54. d6 Rh3 55. d7 Rh8 56. Rxb6 b3 57. Kd5 Kf7 58. Kd6 Rh6+ 59. Kc7 Rxb6 60. d8=Q b2 61. Qd5+ Kg7 62. Qg2+ Kf7 1-0

[Event "Centenario Panaderia Pulido 2023"]
[Site "San Mateo Gran Canaria"]
[Date "2023.12.05"]
[Round "3.4"]
[White "Hernandez Leon, Sergio"]
[Black "Yao, Stefano"]
[Result "0-1"]
[ECO "A28"]
[WhiteElo "2167"]
[BlackElo "2288"]
[Annotator "RC"]
[PlyCount "62"]
[EventDate "2023.12.04"]
[EventType "swiss"]
[EventCountry "ESP"]
[SourceTitle "playchess.com"]
[Source "ChessBase"]
[SourceQuality "1"]
[TimeControl "5400+30"]

1. c4 Nf6 2. Nc3 e5 3. Nf3 Nc6 4. e3 Be7 5. d4 exd4 6. exd4 d5 7. c5 O-O 8. Bb5 Bg4 9. Bxc6 bxc6 10. Qd3 Re8 11. O-O Bxf3 12. Qxf3 Ne4 13. Nxe4 dxe4 14. Qxe4 Bxc5 15. Qxc6 Bxd4 16. Bf4 Bxb2 17. Rad1 Qf6 18. Qxc7 Rac8 19. Qb7 Bd4 20. Bg3 Bb6 21. h4 h5 22. Rd3 Rc3 23. Rxc3 Qxc3 24. Kh2 Qc4 25. Rd1 Qxa2 26. Rd5 Bxf2 27. Bxf2 Qxf2 28. Qb4 g6 29. Rd7 Re3 30. Qb8+ Kg7 31. Rd4 Re2 0-1

[Event "Centenario Panaderia Pulido 2023"]
[Site "San Mateo Gran Canaria"]
[Date "2023.12.05"]
[Round "3.5"]
[White "Hernando Rodrigo, Jose Maria"]
[Black "Doluhanova, Evgeniya"]
[Result "0-1"]
[ECO "A47"]
[WhiteElo "2278"]
[BlackElo "2177"]
[Annotator "RC"]
[PlyCount "118"]
[EventDate "2023.12.04"]
[EventType "swiss"]
[EventCountry "ESP"]
[SourceTitle "playchess.com"]
[Source "ChessBase"]
[SourceQuality "1"]
[TimeControl "5400+30"]

1. d4 Nf6 2. Nf3 e6 3. e3 b6 4. Bd3 Bb7 5. O-O Be7 6. b3 O-O 7. Bb2 Ne4 8. Nbd2 f5 9. c4 Qe8 10. Qc2 Nxd2 11. Nxd2 Qg6 12. e4 Nc6 13. a3 Bd6 14. f3 Bf4 15. Rfe1 Ne7 16. Nf1 fxe4 17. Bxe4 Bxe4 18. Qxe4 Qxe4 19. Rxe4 Nc8 20. Rd1 Nd6 21. Re2 Rae8 22. Kf2 Bg5 23. d5 exd5 24. Rxd5 Bh4+ 25. g3 Rxe2+ 26. Kxe2 Bf6 27. Bxf6 Rxf6 28. c5 bxc5 29. Rxc5 c6 30. Ne3 Nb5 31. Nc2 Re6+ 32. Kf2 Rd6 33. a4 Nc7 34. h4 Rd3 35. b4 Rb3 36. Ke2 a6 37. Re5 Kf7 38. Re3 Rb2 39. Kd2 Nd5 40. Re4 Rb3 41. Ne1 Nxb4 42. Rf4+ Kg8 43. Re4 c5 44. Re7 d5 45. g4 c4 46. Rc7 a5 47. Rc5 Rb2+ 48. Kc1 Re2 49. Rc8+ Kf7 50. Kd1 Ra2 51. f4 Rxa4 52. Nf3 Ra1+ 53. Kd2 Ra2+ 54. Kd1 Nd3 55. Rc7+ Kf6 56. g5+ Kf5 57. Rxg7 Kxf4 58. Nd4 c3 59. Ne2+ Rxe2 0-1

[Event "Centenario Panaderia Pulido 2023"]
[Site "San Mateo Gran Canaria"]
[Date "2023.12.05"]
[Round "3.6"]
[White "Mamani Beltran, Deniman"]
[Black "Calzetta Ruiz, Monica"]
[Result "1/2-1/2"]
[ECO "A14"]
[WhiteElo "2151"]
[BlackElo "2239"]
[Annotator "RC"]
[PlyCount "174"]
[EventDate "2023.12.04"]
[EventType "swiss"]
[EventCountry "ESP"]
[SourceTitle "playchess.com"]
[Source "ChessBase"]
[SourceQuality "1"]
[TimeControl "5400+30"]

1. Nf3 c5 2. b3 Nf6 3. Bb2 e6 4. g3 d5 5. Bg2 Be7 6. O-O O-O 7. c4 Nc6 8. e3 b6 9. cxd5 Nxd5 10. d4 Ba6 11. Re1 Ndb4 12. Bf1 Bxf1 13. Rxf1 cxd4 14. exd4 Rc8 15. Nc3 h6 16. Qd2 Qd7 17. Rfd1 Rfd8 18. Qe2 Nd5 19. Ne4 Qb7 20. Ne5 Rc7 21. Rac1 Rdc8 22. Nxc6 Rxc6 23. Rxc6 Rxc6 24. Rc1 Rxc1+ 25. Bxc1 Qc6 26. Qc4 Nb4 27. Ba3 Qxe4 28. Bxb4 Bxb4 29. Qxb4 Qb1+ 30. Kg2 Qxa2 31. Qc3 Qb1 32. b4 Qe4+ 33. Kg1 Kh7 34. Qa1 f5 35. h4 f4 36. gxf4 Qxf4 37. Qxa7 Qxd4 38. Qe7 Qg4+ 39. Kf1 b5 40. Qc5 Qd1+ 41. Kg2 Qd5+ 42. f3 Kg6 43. Qe7 Qd2+ 44. Kh3 Qd5 45. Kg2 Qf5 46. Kg3 Qe5+ 47. Kg2 Qf6 48. Qe8+ Kh7 49. Qxb5 Qxh4 50. Qd3+ Kh8 51. b5 Qg5+ 52. Kh2 Qh5+ 53. Kg2 Qg5+ 54. Kh2 h5 55. b6 h4 56. b7 Qe5+ 57. Kh1 Qa1+ 58. Kg2 Qb2+ 59. Kh3 Qxb7 60. Kxh4 Qe7+ 61. Kg4 Qf6 62. Qe4 Kg8 63. Qb7 Kh7 64. f4 Qf5+ 65. Kg3 Qd3+ 66. Kh4 Qe3 67. Kg4 Qg1+ 68. Kh3 Qf1+ 69. Kg3 Qd3+ 70. Kh4 Qd4 71. Kg3 Qd3+ 72. Kg2 Kg6 73. Kf2 Qd4+ 74. Kg3 Qd3+ 75. Kf2 Qf5 76. Kg3 Qd5 77. Qe7 Qd3+ 78. Kf2 Qf5 79. Kg3 Qf6 80. Qe8+ Kh7 81. Qc6 Qg6+ 82. Kf2 Qf5 83. Kg3 e5 84. Qh1+ Kg6 85. Qc6+ Kh7 86. Qh1+ Kg6 87. Qc6+ Kh7 1/2-1/2

[Event "Centenario Panaderia Pulido 2023"]
[Site "San Mateo Gran Canaria"]
[Date "2023.12.05"]
[Round "3.7"]
[White "Kurajica, Bojan"]
[Black "Rivero Castellano, Carlos Jesus"]
[Result "1-0"]
[ECO "B06"]
[WhiteElo "2446"]
[BlackElo "1726"]
[Annotator "RC"]
[PlyCount "37"]
[EventDate "2023.12.04"]
[EventType "swiss"]
[EventCountry "ESP"]
[SourceTitle "playchess.com"]
[Source "ChessBase"]
[SourceQuality "1"]
[TimeControl "5400+30"]

1. d4 g6 2. e4 Bg7 3. Nf3 d6 4. Bc4 Nd7 5. Bxf7+ Kf8 6. Bb3 Nb6 7. Ng5 e5 8. dxe5 Bxe5 9. Qf3+ Nf6 10. Nf7 Bg4 11. Nxd8 Bxf3 12. Ne6+ Ke7 13. gxf3 d5 14. Nc5 Bd4 15. Nxb7 dxe4 16. c3 Be5 17. Nd2 Rab8 18. Na5 Rbf8 19. Nxe4 1-0

[Event "Centenario Panaderia Pulido 2023"]
[Site "San Mateo Gran Canaria"]
[Date "2023.12.05"]
[Round "3.8"]
[White "Moreno Diepa, Diego"]
[Black "Ramirez Maillo, Juan Adonay"]
[Result "1-0"]
[ECO "B43"]
[WhiteElo "2138"]
[BlackElo "1857"]
[Annotator "RC"]
[PlyCount "57"]
[EventDate "2023.12.04"]
[EventType "swiss"]
[EventCountry "ESP"]
[SourceTitle "playchess.com"]
[Source "ChessBase"]
[SourceQuality "1"]
[TimeControl "5400+30"]

1. e4 c5 2. Nc3 a6 3. Nf3 b5 4. d4 cxd4 5. Nxd4 Bb7 6. Bd3 e6 7. O-O Qc7 8. Re1 Bd6 9. h3 b4 10. Nb1 Nf6 11. Qe2 O-O 12. e5 Bc5 13. exf6 Bxd4 14. Bxh7+ Kxh7 15. Qd3+ Kg8 16. Qxd4 Qxc2 17. Qg4 Qg6 18. Qxg6 fxg6 19. fxg7 Kxg7 20. Nd2 Nc6 21. b3 Ne7 22. Bb2+ Kg8 23. Nc4 Nf5 24. Ne5 Nh4 25. Nxd7 Nxg2 26. Nxf8 Nxe1 27. Rxe1 Kxf8 28. Rxe6 Re8 29. Rf6+ 1-0

[Event "Centenario Panaderia Pulido 2023"]
[Site "San Mateo Gran Canaria"]
[Date "2023.12.05"]
[Round "3.10"]
[White "Uzcategui Rodriguez, Alejandro"]
[Black "Garcia Rodriguez, Adriana"]
[Result "1-0"]
[ECO "C02"]
[WhiteElo "2235"]
[BlackElo "1659"]
[Annotator "RC"]
[PlyCount "52"]
[EventDate "2023.12.04"]
[EventType "swiss"]
[EventCountry "ESP"]
[SourceTitle "playchess.com"]
[Source "ChessBase"]
[SourceQuality "1"]
[TimeControl "5400+30"]

1. e4 e6 2. d4 d5 3. e5 c5 4. c3 Nc6 5. Nf3 Qb6 6. Bd3 Bd7 7. O-O cxd4 8. Re1 Nge7 9. h4 h5 10. Nbd2 Nf5 11. Nb3 dxc3 12. bxc3 Bc5 13. Nxc5 Qxc5 14. Bxf5 exf5 15. a4 Qxc3 16. Ba3 Nb4 17. Re3 Qc4 18. Rc1 Qg4 19. Qe1 a5 20. e6 fxe6 21. Rxe6+ Kd8 22. Ne5 Bxe6 23. Nxg4 Re8 24. Ne5 Bg8 25. Bxb4 axb4 26. Qxb4 Rb8 1-0

[Event "Centenario Panaderia Pulido 2023"]
[Site "San Mateo Gran Canaria"]
[Date "2023.12.05"]
[Round "3.11"]
[White "Marrero Cardenes, Agustin"]
[Black "Arribas Lopez, Sara"]
[Result "1-0"]
[ECO "E11"]
[WhiteElo "2106"]
[BlackElo "1637"]
[Annotator "RC"]
[PlyCount "51"]
[EventDate "2023.12.04"]
[EventType "swiss"]
[EventCountry "ESP"]
[SourceTitle "playchess.com"]
[Source "ChessBase"]
[SourceQuality "1"]
[TimeControl "5400+30"]

1. d4 d5 2. Nf3 Nf6 3. c4 e6 4. Nc3 Bb4 5. Bd2 Be7 6. Qc2 c5 7. e3 cxd4 8. Nxd4 Nc6 9. cxd5 exd5 10. Nxc6 bxc6 11. Na4 Bd7 12. Bd3 c5 13. Nxc5 Rc8 14. b4 h5 15. Rc1 h4 16. h3 Bxc5 17. bxc5 Bc6 18. O-O Ne4 19. Bc3 Qg5 20. Bd4 Rh6 21. Rb1 f5 22. f3 Ng3 23. Rfe1 Kf8 24. Be5 Rh5 25. Bb5 Qg6 26. Qa4 1-0

[Event "Centenario Panaderia Pulido 2023"]
[Site "San Mateo Gran Canaria"]
[Date "2023.12.05"]
[Round "3.12"]
[White "Cruz Pino, Adrian"]
[Black "Julien Casteleiro, Ariel"]
[Result "*"]
[ECO "C30"]
[WhiteElo "2048"]
[BlackElo "1609"]
[Annotator "NA RC"]
[PlyCount "29"]
[EventDate "2023.12.04"]
[EventType "swiss"]
[EventCountry "ESP"]
[SourceTitle "playchess.com"]
[Source "ChessBase"]
[SourceQuality "1"]
[TimeControl "5400+30"]

1. e4 e5 2. Nc3 Nc6 3. f4 d6 4. Nf3 Bg4 5. Bb5 Nf6 6. O-O Be7 7. d3 O-O 8. Bxc6 bxc6 9. h3 Bd7 10. fxe5 dxe5 11. Nxe5 Be8 12. Be3 Bd6 13. Nc4 Bg3 14. Qf3 Bd6 15. e5 *

[Event "Centenario Panaderia Pulido 2023"]
[Site "San Mateo Gran Canaria"]
[Date "2023.12.05"]
[Round "3.13"]
[White "Bergero, Simone"]
[Black "Oudeh Mishmesh, Lara"]
[Result "1-0"]
[ECO "D00"]
[WhiteElo "2010"]
[BlackElo "1503"]
[Annotator "RC"]
[PlyCount "77"]
[EventDate "2023.12.04"]
[EventType "swiss"]
[EventCountry "ESP"]
[SourceTitle "playchess.com"]
[Source "ChessBase"]
[SourceQuality "1"]
[TimeControl "5400+30"]

1. d4 Nf6 2. Bg5 d5 3. e3 e6 4. f4 Be7 5. Nf3 Ne4 6. Bxe7 Qxe7 7. c3 h6 8. Nbd2 Nf6 9. Bd3 b6 10. Qe2 Bb7 11. Ne5 c6 12. O-O Nbd7 13. e4 Rg8 14. exd5 Nxd5 15. Nxd7 Qxd7 16. f5 O-O-O 17. fxe6 fxe6 18. Ba6 b5 19. Bxb7+ Kxb7 20. Ne4 Kb8 21. Nc5 Qd6 22. Qxe6 Qxe6 23. Nxe6 Rde8 24. Rae1 Re7 25. Nc5 Rge8 26. Rxe7 Rxe7 27. Rf8+ Kc7 28. Kf2 Ne3 29. Kf3 Nd1 30. Ra8 Kd6 31. Ne4+ Ke6 32. b3 Kf7 33. Rc8 Re6 34. Rc7+ Kf8 35. Rxa7 g5 36. a4 Re7 37. Rxe7 Kxe7 38. axb5 cxb5 39. Ke2 1-0

[Event "Centenario Panaderia Pulido 2023"]
[Site "San Mateo Gran Canaria"]
[Date "2023.12.05"]
[Round "3.14"]
[White "Almenares Garcia, Mario Adrian"]
[Black "Espinel Rosales, Yeremay"]
[Result "1-0"]
[ECO "A00"]
[WhiteElo "2000"]
[BlackElo "1514"]
[Annotator "RC"]
[PlyCount "109"]
[EventDate "2023.12.04"]
[EventType "swiss"]
[EventCountry "ESP"]
[SourceTitle "playchess.com"]
[Source "ChessBase"]
[SourceQuality "1"]
[TimeControl "5400+30"]

1. e3 c5 2. g3 Nc6 3. Bg2 Nf6 4. Ne2 d5 5. O-O Bf5 6. h3 e6 7. d3 Bd6 8. Nbc3 Bg6 9. b3 O-O 10. Bb2 a6 11. Re1 Rc8 12. e4 d4 13. Nb1 e5 14. g4 h5 15. Ng3 hxg4 16. hxg4 Kh7 17. Nd2 b5 18. Bf3 Rh8 19. Kg2 Kg8 20. a4 Qd7 21. axb5 axb5 22. Rh1 Nb4 23. Rxh8+ Kxh8 24. g5 Nh7 25. Bg4 Qd8 26. Bxc8 Qxc8 27. Nf3 Qd8 28. c3 dxc3 29. Bxc3 Nxg5 30. Nxg5 Qxg5 31. Ra8+ Kh7 32. Bd2 Qh4 33. Bxb4 cxb4 34. Qh1 Qxh1+ 35. Kxh1 Bc5 36. Kg2 Bd4 37. Rb8 f6 38. Rxb5 Bc3 39. Rb7 Kh6 40. Ne2 Bd2 41. Rc7 Bh5 42. f3 g5 43. d4 g4 44. fxg4 Bxg4 45. d5 Bxe2 46. d6 Be3 47. d7 Bb6 48. d8=Q Be3 49. Kg3 Bb5 50. Kg2 Bd2 51. Qd7 Bxd7 52. Rxd7 Bc3 53. Kg3 Kg5 54. Rg7+ Kh6 55. Rg4 1-0

[Event "Centenario Panaderia Pulido 2023"]
[Site "San Mateo Gran Canaria"]
[Date "2023.12.05"]
[Round "3.15"]
[White "Mukhi Talreja, Ishita Tina"]
[Black "Camino Carrio, Nicanor"]
[Result "1/2-1/2"]
[ECO "A48"]
[WhiteElo "1575"]
[BlackElo "1948"]
[Annotator "RC"]
[PlyCount "57"]
[EventDate "2023.12.04"]
[EventType "swiss"]
[EventCountry "ESP"]
[SourceTitle "playchess.com"]
[Source "ChessBase"]
[SourceQuality "1"]
[TimeControl "5400+30"]

1. d4 Nf6 2. Nf3 g6 3. e3 Bg7 4. Be2 O-O 5. O-O d6 6. b3 Nbd7 7. Bb2 c6 8. Qc1 Re8 9. Nbd2 e5 10. dxe5 Nxe5 11. Rd1 Qc7 12. h3 a5 13. c4 Bf5 14. Nf1 Ne4 15. Nxe5 dxe5 16. Bd3 Rad8 17. Bxe4 Bxe4 18. Ng3 Rxd1+ 19. Qxd1 Rd8 20. Qe1 Bf5 21. Nxf5 gxf5 22. Rd1 b6 23. Rd2 e4 24. Bxg7 Rxd2 25. Qxd2 Kxg7 26. Qd4+ f6 27. Qc3 c5 28. Qb2 Qd6 29. Qd4 1/2-1/2

[Event "Centenario Panaderia Pulido 2023"]
[Site "San Mateo Gran Canaria"]
[Date "2023.12.06"]
[Round "4.1"]
[White "Korneev, Oleg"]
[Black "Larino Nieto, David"]
[Result "1-0"]
[ECO "B07"]
[WhiteElo "2470"]
[BlackElo "2366"]
[Annotator "RC"]
[PlyCount "75"]
[EventDate "2023.12.04"]
[EventType "swiss"]
[EventCountry "ESP"]
[SourceTitle "playchess.com"]
[Source "ChessBase"]
[SourceQuality "1"]
[TimeControl "5400+30"]

1. e4 d6 2. d4 Nd7 3. Nc3 a6 4. Be3 e6 5. Nf3 b5 6. a4 b4 7. Ne2 Bb7 8. Ng3 Ngf6 9. Bd3 c5 10. c3 c4 11. Bb1 b3 12. Qe2 Qc7 13. a5 d5 14. e5 Ng8 15. O-O g6 16. h4 Nb8 17. Ng5 Nc6 18. Qf3 Qe7 19. h5 Bh6 20. Qg4 Kd7 21. f4 f5 22. exf6 Nxf6 23. Qh3 Rag8 24. f5 Nd8 25. fxe6+ Kc6 26. Ra4 Nxe6 27. Rb4 Nd7 28. Nf5 gxf5 29. Nxe6 Rxg2+ 30. Kxg2 Rg8+ 31. Kh1 Rg4 32. Bxf5 Rh4 33. Bxh6 Rxh3+ 34. Bxh3 Qh4 35. Nd8+ Kc7 36. Rxb7+ Kxd8 37. Rxd7+ Ke8 38. Rf8# 1-0

[Event "Centenario Panaderia Pulido 2023"]
[Site "San Mateo Gran Canaria"]
[Date "2023.12.06"]
[Round "4.2"]
[White "Strikovic, Aleksa"]
[Black "Yao, Stefano"]
[Result "1-0"]
[ECO "A28"]
[WhiteElo "2455"]
[BlackElo "2288"]
[Annotator "RC"]
[PlyCount "80"]
[EventDate "2023.12.04"]
[EventType "swiss"]
[EventCountry "ESP"]
[SourceTitle "playchess.com"]
[Source "ChessBase"]
[SourceQuality "1"]
[TimeControl "5400+30"]

1. c4 e5 2. Nc3 Nf6 3. Nf3 Nc6 4. d4 exd4 5. Nxd4 Bb4 6. g3 Na5 7. Qd3 d5 8. cxd5 Qxd5 9. f3 O-O 10. a3 Bxc3+ 11. Qxc3 Rd8 12. Be3 c5 13. Nb5 Nb3 14. Nc7 Nxa1 15. Nxd5 Nxd5 16. Qd2 Bf5 17. Kf2 Nb3 18. Qd1 c4 19. Bg5 Ne7 20. Qe1 f6 21. e4 Be6 22. Be3 Nc6 23. Qc3 b5 24. Be2 Nbd4 25. Bxd4 Rxd4 26. Rd1 Rxd1 27. Bxd1 Rd8 28. Be2 a5 29. Ke3 b4 30. axb4 axb4 31. Qc1 Ne5 32. f4 Nd3 33. Qa1 b3 34. Qa5 Rc8 35. Qa6 Nc5 36. Bxc4 Nxa6 37. Bxe6+ Kf8 38. Bxc8 Nc5 39. Kd4 Na4 40. Be6 Ke8 1-0